 Dungeon Crawl Stone Soup version 0.31-a0-188-g5e087ee2ca (webtiles) character file.

Game seed: 580477383309084132

116 qw the Skirmisher (level 4, -1/25 HPs)
             Began as a Deep Elf Hunter on June 23, 2023.
             Slain by a gnoll
             ... wielding a +0 flail
              (8 damage)
             ... on level 3 of the Dungeon.
             The game lasted 00:00:36 (1695 turns).

qw the Skirmisher (Deep Elf Hunter)                 Turns: 1695, Time: 00:00:36

Health: -1/25      AC:  7    Str: 10    XL:     4   Next: 70%
Magic:  6/6        EV:  9    Int: 14    God:
Gold:   157        SH:  0    Dex: 24    Spells: 3/3 levels left

rFire   . . .        Y - +1 shortbow
rCold   . . .        (shield currently unavailable)
rNeg    . . .        i - +0 scale mail
rPois   .            c - +0 helmet
rElec   .            (no cloak)
rCorr   .            (no gloves)
SInv    .            (no boots)
Will    .....        (no amulet)
Stlth   +            h - +6 ring of dexterity
HPRegen 0.24/turn    (no ring)
MPRegen 0.10/turn

%: no passive effects
@: no status effects
A: no striking features
a: no special abilities


You were on level 3 of the Dungeon.
You visited 1 branch of the dungeon, and saw 3 of its levels.

You collected 157 gold pieces.


   Skills:
 - Level 1.5 Fighting
 + Level 8.1 Ranged Weapons
 - Level 2.4 Dodging
 - Level 1.2 Stealth


You had 3 spell levels left.
You didn't know any spells.
Your spell library was empty.

Inventory:

Hand Weapons
 Y - a +1 shortbow (weapon)
Armour
 c - a +0 helmet (worn)
 i - a +0 scale mail (worn)
Jewellery
 h - a +6 ring of dexterity (left hand)
Scrolls
 a - 2 scrolls of identify
 d - 2 scrolls of teleportation
Potions
 b - a potion of curing {unknown}
 e - 3 potions of enlightenment
 f - a potion of berserk rage {unknown}
 g - a potion of might {unknown}

Dungeon Overview and Level Annotations

Branches:
Dungeon (3/15)

Altars:


Message History

Jessica is heavily wounded.
Jessica shouts, "You're disturbing me!
I'll have to kill you!"
You shoot an arrow. The arrow hits Jessica.
Jessica is severely wounded.
Jessica shouts, "You're disturbing me!
I'll have to kill you!"
You shoot an arrow. The arrow hits Jessica!
You kill Jessica!
Your Ranged Weapons skill increases to level 8!
A gnoll comes into view. It is wielding a +0 halberd.
Found a robe.
The gnoll shouts!
You hear a shout! x2
A gnoll comes into view. It is wielding a +0 whip.
Enter note:
Enter note:
Enter note:
Enter note:
Enter note:
Enter note: You shoot an arrow.
The arrow completely misses the gnoll.
You shoot an arrow. The arrow hits the gnoll!
The gnoll is severely wounded.
A gnoll comes into view. It is wielding a +0 spear.
You shoot an arrow. The arrow hits the gnoll.
You kill the gnoll!
The gnoll hits you but does no damage.
A gnoll comes into view. It is wielding a +0 flail.
You shoot an arrow. The arrow barely misses the gnoll.
The arrow hits the gnoll.
The gnoll is lightly wounded.
The gnoll barely misses you.
The gnoll hits you from afar with a +0 spear.
You shoot an arrow. The arrow hits the gnoll!
The gnoll is severely wounded.
The gnoll hits you from afar with a +0 halberd!
The gnoll hits you from afar with a +0 spear.
The gnoll hits you but does no damage.
The gnoll hits you from afar with a +0 spear.
You shoot an arrow. The arrow hits the gnoll!
The gnoll is severely wounded.
The gnoll barely misses you. The gnoll hits you with a +0 flail!
You die...

# # .# # .[ # .# #
#####g.# #..@gg.#
#.###..# #.###..# .
#..##..# #.
##.##..###### #.
#######.##........
#.............#####
#.#####.#..........
#.#.#.#.#####


You could see 3 gnolls.

Vanquished Creatures
  Jessica (D:3)
  A gnoll (D:3)
  3 adders
  A dart slug (D:2)
  An orc (D:3)
  5 endoplasms
  2 giant cockroaches (D:1)
  5 goblins
  A hobgoblin (D:2)
  2 jackals (D:2)
  3 quokkas
  5 ball pythons
  10 bats
  3 frilled lizards (D:1)
  5 kobolds
  4 rats (D:1)
52 creatures vanquished.

Notes
Turn   | Place    | Note
-------+----------+-------------------------------------------
     0 | D:1      | qw the Deep Elf Hunter began the quest for the Orb.
     0 | D:1      | Reached XP level 1. HP: 12/12 MP: 3/3
     0 | D:1      | 0 ||| qw: Version: 0.3-a-9-g12657ce
     0 | D:1      | 0 ||| qw: Game counter: 3476
     0 | D:1      | 0 ||| qw: Always use a shield: true
     0 | D:1      | 0 ||| qw: God list: Okawaru
     0 | D:1      | 0 ||| qw: Allow faded altars: false
     0 | D:1      | 0 ||| qw: Do Orc after D:15 true
     0 | D:1      | 0 ||| qw: Do second Lair branch before Depths: true
     0 | D:1      | 0 ||| qw: Lair rune preference: random
     0 | D:1      | 0 ||| qw: Plans: Normal
     0 | D:1      | 0 ||| PLANNING D:1-11
    25 | D:1      | 25 ||| READING scroll labelled RETHUC OGYMIWN.
   219 | D:1      | Reached XP level 2. HP: 16/16 MP: 4/4
   221 | D:1      | Reached skill level 6 in Ranged Weapons
   332 | D:1      | 332 ||| READING 2 scrolls labelled LUFFYUCOSI.
   333 | D:1      | 333 ||| DRINKING 3 smoky cyan potions.
   594 | D:1      | 594 ||| UPGRADING to +0 scale mail.
   604 | D:1      | 604 ||| DROPPING +0 leather armour.
   605 | D:1      | 605 ||| UPGRADING to +6 ring of dexterity.
   606 | D:1      | 606 ||| DROPPING scroll of blinking.
   607 | D:1      | 607 ||| DROPPING scroll of butterflies.
   645 | D:2      | Found a faded altar of an unknown god.
   721 | D:2      | Reached XP level 3. HP: 20/20 MP: 5/5
   911 | D:2      | Reached skill level 7 in Ranged Weapons
  1297 | D:2      | 1297 ||| UPGRADING to +0 helmet.
  1302 | D:2      | 1302 ||| READING 2 scrolls labelled CYKHADAOTO.
  1303 | D:2      | 1303 ||| READING scroll labelled CESCHE GEAMUJIPU.
  1304 | D:2      | 1304 ||| READING scroll labelled OCHITESOT.
  1467 | D:3      | Reached XP level 4. HP: 21/25 MP: 6/6
  1665 | D:3      | Noticed Jessica
  1668 | D:3      | Killed Jessica
  1669 | D:3      | Reached skill level 8 in Ranged Weapons
  1695 | D:3      | Slain by a gnoll

Levels and vault maps discovered:
D:1:      zelgadis_glass_arrival_small, layout_loops_ring, chequers_garden
D:2:      layout_loops_ring, shapermc_ecumenical_altar_flowoftime,
          minmay_stone_trees_medium
D:3:      layout_loops_ring, slow_altar_1,
          mainiacjoe_overflow_concentric_impassable, nrook_mini_backslash,
          nrook_uturn, chequers_serial_rivers_micro_d, uniq_jessica

Skill      XL: |  1  2  3  4 |
---------------+-------------+-----
Ranged Weapons | 6 7 8 |  8.1
Fighting       | |  1.5
Dodging        | |  2.4
Stealth        | |  1.2

Action                     |  1- 3 |  4- 6 || total
---------------------------+-------+-------++-------
   Fire: Shortbow          |    98 |    13 ||   111
    Use: Scroll            |     5 |       ||     5
         Potion            |     1 |       ||     1
 Armour: Leather armour    |     5 |       ||     5
         Scale mail        |     3 |     3 ||     6
  Dodge: Dodged            |    13 |     2 ||    15

Table legend:
 A = Non-vault XP
 B = Vault XP
 C = Vault XP percentage of total XP
 D = Non-vault monster count
 E = Vault monster count
 F = Vault count percentage of total count
                 A         B        C        D         E       F
            +---------+---------+-------+---------+---------+-------
      Total |     130 |      37 |  22.2 |      51 |       1 |   1.9
            +---------+---------+-------+---------+---------+-------
        D:1 |      33 |       0 |   0.0 |      23 |       0 |   0.0
        D:2 |      45 |       0 |   0.0 |      19 |       0 |   0.0
        D:3 |      52 |      37 |  41.6 |       9 |       1 |  10.0
            +---------+---------+-------+---------+---------+-------
